 Dungeon Crawl Stone Soup version 0.19.4 (webtiles) character file.

60 Chiseanne the Vexing (level 3, 0/29 HPs)
             Began as a Demonspawn Wanderer on Feb 4, 2017.
             Slain by a goblin
             ... wielding a +0 dagger
             ... led by Robin
              (4 damage)
             ... on level 3 of the Dungeon.
             The game lasted 00:04:18 (1299 turns).

Chiseanne the Vexing (Demonspawn Wanderer)          Turns: 1299, Time: 00:04:18

Health: 0/29       AC: 11    Str: 13    XL:     3   Next: 80%
Magic:  6/6        EV:  9    Int: 13    God:
Gold:   76         SH:  5    Dex: 12    Spells: 0 memorised, 6 levels left

rFire  . . .     SeeInvis .     a - +2 short sword (elec)
rCold  . . .     Gourm    .     b - +0 ring mail
rNeg   . . .     Faith    .     c - +1 buckler
rPois  .         Spirit   .     (no helmet)
rElec  .         Reflect  .     (no cloak)
rCorr  .         Harm     .     (no gloves)
MR     +....                    (no boots)
Stlth  +.........               (no amulet)
                                (no ring)
                                d - ring of protection from magic

@: sanguine armour
A: rot immunity, sanguine armour 1
a: no special abilities


You were on level 3 of the Dungeon.
You were hungry.

You visited 1 branch of the dungeon, and saw 3 of its levels.

You collected 76 gold pieces.

Inventory:

Hand Weapons
 a - a +2 short sword of electrocution (weapon)
Missiles
 e - 10 stones (quivered)
 l - 24 bolts
Armour
 b - a +0 ring mail (worn)
 c - a +1 buckler (worn)
Jewellery
 d - a ring of protection from magic (left hand)
Books
 i - a book of Maledictions

   Spells                             Type                      Level
   a - Corona                         Hexes                        1
   b - Ensorcelled Hibernation        Hexes/Ice                    2
   c - Confuse                        Hexes                        3
   d - Tukima's Dance                 Hexes                        3
   e - Dazzling Spray                 Conjuration/Hexes            3
Comestibles
 f - a bread ration
 h - a meat ration
 j - 8 chunks of flesh


   Skills:
 - Level 3.0 Fighting
 * Level 0.8 Short Blades
 * Level 1.8 Armour
 * Level 1.8 Shields
 - Level 2.0 Spellcasting
   Level 3.0 Hexes
   Level 1.0 Evocations


You had 6 spell levels left.
You didn't know any spells.

Dungeon Overview and Level Annotations

Branches:
Dungeon (3/15)

Altars:
Yredelemnul

Annotations:
D:2 Robin


Innate Abilities, Weirdness & Mutations

You are immune to rotting.
When seriously injured, your bleeding wounds create armour. (AC +6)


Message History

The kobold is severely wounded.
The kobold hits you but does no damage.
The worm bites the withered plant but does no damage.
The goblin hits you but does no damage.
The gnoll hits the withered plant with a whip!
You closely miss the kobold.
The kobold is severely wounded.
The kobold hits you but does no damage.
The giant cockroach bites the withered plant but does no damage.
The goblin hits you but does no damage.
The gnoll hits the withered plant with a whip.
The worm bites the withered plant but does no damage.
You hit the kobold.
You kill the kobold!
The giant cockroach bites the withered plant.
The goblin closely misses you.
The gnoll hits the withered plant with a whip.
You barely miss the rat.
The worm bites the withered plant.
You block the rat's attack. The goblin hits you with a dagger.
You die...

### # #..
.# #.#
... ...
.... #g#
P.P..
#r#w._...
#@ggP.P..
###.g....
..#.. ...
.#. .. .


You could see a worm, 2 gnolls, 2 goblins and a rat.

Vanquished Creatures
  A gnoll (D:3)
  An adder (D:2)
  A dart slug (D:1)
  5 bats (D:1)
  7 goblins
  5 hobgoblins
  7 jackals (D:1)
  A quokka (D:2)
  2 frilled lizards (D:1)
  3 kobolds
  A rat (D:1)
34 creatures vanquished.

Notes
Turn   | Place    | Note
-------+----------+-------------------------------------------
     0 | D:1      | Chiseanne the Demonspawn Wanderer began the quest for the Orb.
     0 | D:1      | Chiseanne set off with: a book of Maledictions, a +0 ring mail, a +0 buckler, a +0 club, a bread ration
     0 | D:1      | Reached XP level 1. HP: 16/16 MP: 3/3
   293 | D:1      | Gained mutation: When seriously injured, your bleeding wounds create armour. (AC +6) [demonic ancestry]
   293 | D:1      | Reached XP level 2. HP: 21/23 MP: 5/5
   894 | D:1      | Gained mutation: You are immune to rotting. [demonic ancestry]
   894 | D:1      | Reached XP level 3. HP: 29/29 MP: 6/6
  1267 | D:2      | Noticed Robin
  1283 | D:3      | Found a basalt altar of Yredelemnul.
  1299 | D:3      | Slain by a goblin

Skill      XL: |  1  2 |
---------------+-------+-----
Fighting       | 3 |  3.0
Short Blades   | |  0.8
Armour         | |  1.8
Shields        | |  1.8
Spellcasting   | |  2.0
Hexes          | |  3.0
Evocations     | |  1.0

Action                   || total
-------------------------++-------
Melee: Club              ||    72
       Short sword       ||    81
  Use: Scroll            ||     6
  Eat: Chunk             ||     1
Armor: Ring mail         ||   100
Dodge: Dodged            ||   105
Block: Buckler           ||    31
